 Dungeon Crawl Stone Soup version 0.30-a0-135-g630cfc4551 (webtiles) character file.

Game seed: 16920521821662373258

17411 Monkooky the Epochal (level 12, -7/88 HPs)
             Began as a Djinni Fire Elementalist on Sept 13, 2022.
             Was an Elder of Cheibriados.
             Shot with an arrow by a minotaur (27 damage)
             ... in a Gauntlet on Sept 21, 2022.
             The game lasted 01:01:52 (14966 turns).

Monkooky the Epochal (Djinni Fire Elementalist)    Turns: 14966, Time: 01:01:53

Health: -7/88      AC: 10    Str: 16    XL:     12   Next: 82%
Gold:   589        EV: 21    Int: 30    God:    Cheibriados [****..] SH:  0 Dex: 30

rFire   + + .      SeeInvis .    y - +7 Throatcutter {drain, coup de grace}
rCold   x . .      Faith    +    (no shield)
rNeg    + . .      Spirit   .    D - +2 robe {Archmagi}
rPois   ∞          Reflect  .    (no helmet)
rElec   .          Harm     .    t - +2 cloak {rPois}
rCorr   .          Rampage  .    q - +2 pair of gloves
Will    .....      Archmagi +    (boots unavailable)
Stlth   +++....... NoTele   +    o - amulet of faith
HPRegen 0.24/turn                N - +6 ring of dexterity
MPRegen 0.00/turn                Q - ring of positive energy

@: weak-willed, flying, very slow
A: sickness immunity, fire resistance 2, cold vulnerability 1, float, innate
caster, HP casting, extra vitality 1
a: Renounce Religion, Bend Time, Temporal Distortion, Slouch


You were in a Gauntlet.
You worshipped Cheibriados.
Cheibriados was greatly pleased with you.
You visited 3 branches of the dungeon, and saw 13 of its levels.
You also visited: Gauntlet.

You collected 589 gold pieces.

Inventory:

Hand Weapons
 y - the +7 Throatcutter (weapon) {drain, coup de grace}
   (You found it on level 4 of the Dungeon)

   A truly terrible weapon, it drains the life of any living foe it strikes.
   It may instantly kill foes which have little health.
 R - the +7 staff of the Meek {protect, meekguard}
   (You found it on level 10 of the Dungeon)

   It grants its wielder temporary protection when it strikes (+7 to AC).
   It provides extra protection to wielders with little health.
Missiles
 s - 13 boomerangs
 z - 36 poisoned darts
 J - a throwing net
 L - 5 javelins
 U - 6 curare-tipped darts
Armour
 q - a +2 pair of gloves (worn)
 t - a +2 cloak of poison resistance (worn)
 u - the +1 plate armour "Uhaq" {Int+7}
   (You found it on level 4 of the Dungeon)

   Int:       It affects your intelligence (+7).
 D - a +2 robe of the Archmagi (worn)
 G - +0 steam dragon scales
 O - a +2 leather armour of fire resistance
Magical Staves
 A - a staff of cold
 B - a staff of death
 X - a staff of fire
Jewellery
 k - a +6 ring of dexterity
 o - an amulet of faith (around neck)
 N - a +6 ring of dexterity (left hand)
 P - a ring of see invisible
 Q - a ring of positive energy (right hand)
 T - a ring of willpower
Wands
 i - a wand of digging (8)
 w - a wand of charming (4)
 E - a wand of roots (1)
 S - a wand of flame (13)
 Z - a wand of mindburst (5)
Scrolls
 a - a scroll of fog
 e - a scroll of brand weapon
 f - 3 scrolls of teleportation
 g - 2 scrolls of enchant armour
 p - a scroll of fear
 r - 2 scrolls of amnesia
 C - a scroll of immolation
 H - 2 scrolls of silence
 V - a scroll of enchant weapon
Potions
 b - 3 potions of mutation
 c - 3 potions of ambrosia {unknown}
 h - 2 potions of cancellation
 j - 3 potions of haste
 l - 3 potions of attraction {unknown}
 m - 8 potions of curing {unknown}
 n - 5 potions of lignification {unknown}
 v - 3 potions of berserk rage
 x - a potion of might {unknown}
 I - a potion of flight {unknown}
 M - 4 potions of heal wounds
 W - a potion of magic {unknown}


   Skills:
 - Level 8.5 Fighting
 - Level 8.8 Dodging
 - Level 1.5 Stealth
 - Level 9.0 Spellcasting
 - Level 9.1 Invocations
 + Level 8.5 Evocations


You had 3 spell levels left.
You knew the following spells:

 Your Spells              Type           Power      Damage    Failure   Level
a - Foxfire               Conj/Fire      100%       2x1d9     1%          1
b - Scorch                Fire           100%       2d10      1%          2
c - Kindle Blastsparks    Fire/Tloc/Air  100%       2d18      1%          3
d - Inner Flame           Hex/Fire       80%        N/A       1%          3
e - Flame Wave            Conj/Fire      80%        2d17      1%          4
f - Apportation           Tloc           100%       N/A       1%          1
g - Blink                 Tloc           100%       N/A       1%          2
h - Swiftness             Air            80%        N/A       1%          3
i - Spider Form           Tmut/Pois      80%        N/A       1%          3
j - Airstrike             Air            40%        2d(6-22)  1%          4
Your spell library was empty.

Dungeon Overview and Level Annotations

Branches:
Dungeon (11/15)            Temple (1/1) D:6            Lair (1/5) D:9
    Orc (0/2) D:9         Gauntlet (1/1)

Altars:
Ashenzari
Cheibriados
Dithmenos
Elyvilon
Fedhas
Gozag
Hepliaklqana
Makhleb
Nemelex Xobeh
Okawaru
Qazlal
Ru
Trog
Uskayaw
Wu Jian
Xom
Yredelemnul
Zin
The Shining One
Lugonu

Shops:
D:3 =

Portals:
Abyss: D:3

Annotations:
D:6 Maggie
D:10 SigmundSlayer's ghost, journeyman DsBe
D:11 exclusions: 2 skeletal warriors and 1 more exclusion Gauntlet 5 transporters


Innate Abilities, Weirdness & Mutations

You are immune to sickness and miasma.
You are immune to poison.
Your flesh is very heat resistant. (rF++)
You are vulnerable to cold. (rC-)
You float through the air rather than walking.
You learn spells naturally, not from books.
Your magical power is your life essence.
You have superior vitality. (+4 MHP)


Message History

The minotaur shoots an arrow.
The arrow completely misses you.
Found a manual of Transmutations and a phial of floods.
Press: ? - help, . - travel You can't see that place.
You reach down and close the door.
Something unseen opens the door.
Casting: Scorch (safe; 1% risk of failure)
Press: ? - help, Q - select action, (/) - cycle Dir - look around, f - activate
Okay, then.
Casting: Scorch (safe; 1% risk of failure)
Confirm with . or Enter, or press ? or * to list all spells.
Aiming: Inner Flame (safe; 1% risk of failure)
Press: ? - help, Dir - move target, f - minotaur
Aim: a minotaur, wielding the +9 shortbow of Invincibility {freeze, rF+ rN+ rCorr}, wearing a +3 ring mail of positive energy and quivering silver javelins (chance to affect: 53%)
Okay, then.
Really read the scroll of vulnerability?
As you read the scroll of vulnerability, it crumbles to dust.
Magic quickly surges around you.
The minotaur shoots an arrow.
The arrow hits you but does no damage.
Aiming: Mindburst
Press: ? - help, Shift-Dir - straight line, f - minotaur
Aim: a minotaur, wielding the +9 shortbow of Invincibility {freeze, rF+ rN+ rCorr}, wearing a +3 ring mail of positive energy and quivering silver javelins (weak-willed, chance to affect: 69%)
Okay, then.
Casting: Inner Flame (safe; 1% risk of failure)
Confirm with . or Enter, or press ? or * to list all spells.
Aiming: Inner Flame (safe; 1% risk of failure)
Press: ? - help, Dir - move target, f - minotaur
Aim: a minotaur, wielding the +9 shortbow of Invincibility {freeze, rF+ rN+ rCorr}, wearing a +3 ring mail of positive energy and quivering silver javelins (weak-willed, chance to affect: 89%)
You feel a surge of power!
The minotaur is filled with an inner flame.
The minotaur shoots an arrow.
The arrow hits you!!! The arrow freezes you!!
* * * LOW HITPOINT WARNING * * *
Unknown command.
Okay, then.
Aiming: Mindburst
Press: ? - help, Shift-Dir - straight line, f/p - minotaur
Aim: a minotaur, wielding the +9 shortbow of Invincibility {freeze, rF+ rN+ rCorr}, wearing a +3 ring mail of positive energy and quivering silver javelins (inner flame, weak-willed, chance to affect: 69%)
The minotaur struggles to resist.
The minotaur shoots an arrow.
The arrow hits you!!
You die...

#.###.8.#.⌠.#8..©
......©.#.8.#####
..#.#.8.#...#.#.#
#######.#.#.©.#...##.#.
}8:8.8#.. #.8.#.8.##.##
...H..'.###.©.#.∩.#.#.©
#H..#.8.#.8.#.##.
#####.#.#.©.#...##..#
#...@.#.#.8.#...##..©
#8........©.#.8.#####
##.##.###.8.#.⌠.#8..©
#..........#.8.#©...
########...#...#8..©
#≈≈≈#...#####
##≈###..#...# ###
##.#..## ##≈.#.##^


You could see a minotaur (inner flame, weak-willed).

Vanquished Creatures
  A reaper (Gauntlet)
  A centaur warrior (D:10)
  2 two-headed ogres (D:9)
  3 death yaks (D:9)
  A boulder beetle (Lair:1)
  A soul eater (Gauntlet)
  2 glowing orange brains (Gauntlet)
  Pikel (D:6)
  An ugly thing (Gauntlet)
  A worldbinder (Gauntlet)
  2 centaur zombies (D:10)
  4 elephants (Lair:1)
  A torpor snail (Lair:1)
  A cane toad (Lair:1)
  Psyche (D:10)
  Eustachio (D:5)
  A shadow (D:10)
  A wyvern (D:9)
  10 yaks
  A steam dragon (D:6)
  An acid dragon (D:7)
  Duvessa (D:4)
  6 orc warriors
  A sky beast (D:7)
  3 ice beasts
  2 black bears (D:6)
  4 ogres
  2 boggarts (Gauntlet)
  A phantom (D:5)
  2 lemures (D:6)
  3 centaurs
  A bullfrog (D:8)
  7 kobold brigands
  Blork the orc (D:6)
  A gnoll sergeant (D:10)
  6 scorpions
  14 wights
  Dowan (D:4)
  3 hounds
  An iron imp (D:4)
  A jelly (D:8)
  9 orc priests
  Crazy Yiuf (D:3)
  6 iguanas
  8 orc wizards
  7 gnolls
  5 adders
  5 shadow imps (Gauntlet)
  A white imp (D:4)
  An ufetubus (D:7)
  5 worms
  2 dart slugs
  42 orcs
  5 ball pythons
  5 bats
  7 endoplasms
  4 giant cockroaches
  10 goblins
  6 hobgoblins
  A quokka (D:2)
  4 frilled lizards
  35 kobolds
  3 rats
271 creatures vanquished.

Vanquished Creatures (others)
  91 foxfires
  2 fungi (Lair:1)
  A plant (Lair:1)
94 creatures vanquished.

Grand Total: 365 creatures vanquished

Notes
Turn   | Place    | Note
-------+----------+-------------------------------------------
     0 | D:1      | Monkooky the Djinni Fire Elementalist began the quest for
                  | the Orb.
     0 | D:1      | Monkooky set off with the following spells memorised:
                  | Foxfire, Scorch, Kindle Blastsparks, Inner Flame, Flame
                  | Wave.
     0 | D:1      | Reached XP level 1. HP: 15/15 MP: 0/0
   281 | D:1      | Found a faded altar of an unknown god.
   306 | D:1      | Prayed at the altar of an unknown god.
   306 | D:1      | Became a worshipper of Cheibriados the Contemplative
   306 | D:1      | Reached * piety under Cheibriados
   422 | D:1      | Reached XP level 2. HP: 16/21 MP: 0/0
  1520 | D:2      | Reached XP level 3. HP: 23/25 MP: 0/0
  1520 | D:2      | Learned a level 1 spell: Apportation
  1650 | D:2      | Reached ** piety under Cheibriados
  2451 | D:3      | Reached XP level 4. HP: 29/31 MP: 0/0
  2813 | D:3      | Reached *** piety under Cheibriados
  2818 | D:3      | Reached skill level 1 in Invocations
  2818 | D:3      | Reached XP level 5. HP: 29/35 MP: 0/0
  2818 | D:3      | Learned a level 2 spell: Blink
  2965 | D:3      | Upgraded the game from 0.30-a0-116-g3b1a8e4ee4 to
                  | 0.30-a0-135-g630cfc4551
  2987 | D:3      | Found Astell's Jewellery Boutique.
  3143 | D:3      | Found a large runed translucent door.
  3145 | D:3      | Found a large runed translucent door.
  3147 | D:3      | Found a corrupted altar of Lugonu.
  3233 | D:3      | Found a one-way gate to the infinite horrors of the Abyss.
  3359 | D:3      | Found a runed translucent door.
  3360 | D:3      | Noticed Crazy Yiuf
  3561 | D:3      | Killed Crazy Yiuf
  3819 | D:4      | Identified the +1 plate armour "Uhaq" {Int+7}
  3978 | D:4      | Reached XP level 6. HP: 36/40 MP: 0/0
  3995 | D:4      | Noticed Dowan
  3996 | D:4      | Noticed Duvessa
  3999 | D:4      | Reached skill level 1 in Fighting
  4002 | D:4      | Killed Dowan
  4002 | D:4      | Reached **** piety under Cheibriados
  4679 | D:4      | Killed Duvessa
  4680 | D:4      | Reached XP level 7. HP: 37/49 MP: 0/0
  4680 | D:4      | Learned a level 3 spell: Swiftness
  4973 | D:4      | Found a snail-covered altar of Cheibriados.
  5329 | D:4      | Found the +7 Throatcutter {drain, coup de grace}
  5334 | D:4      | Reached skill level 5 in Invocations
  5486 | D:4      | Identified the +1 leather armour of the Comet {*Slow rN+
                  | Dex+4}
  5681 | D:5      | Entered Level 5 of the Dungeon
  5688 | D:5      | Reached XP level 8. HP: 47/58 MP: 0/0
  6008 | D:5      | Noticed Eustachio
  6020 | D:5      | Killed Eustachio
  6217 | D:5      | Reached XP level 9. HP: 60/62 MP: 0/0
  6217 | D:5      | Learned a level 3 spell: Spider Form
  7307 | D:6      | Reached skill level 5 in Spellcasting
  7398 | D:6      | Found a staircase to the Ecumenical Temple.
  7403 | D:6      | Noticed Pikel
  7403 | D:6      | Noticed Blork the orc
  7411 | D:6      | Killed Pikel
  7411 | D:6      | Killed Blork the orc
  7422 | D:6      | Reached ***** piety under Cheibriados
  7424 | D:6      | Reached XP level 10. HP: 29/67 MP: 0/0
  7436 | Temple   | Entered the Ecumenical Temple
  8007 | D:6      | Noticed Maggie
  8181 | D:7      | Found a broken altar of Ashenzari.
 10045 | D:8      | Found a glowing golden altar of the Shining One.
 10487 | D:9      | Noticed a two-headed ogre
 10487 | D:9      | Noticed a death yak
 10488 | D:9      | Noticed a death yak
 10489 | D:9      | Reached ****** piety under Cheibriados
 10489 | D:9      | Killed a two-headed ogre
 10490 | D:9      | Reached skill level 5 in Fighting
 10490 | D:9      | Reached XP level 11. HP: 62/75 MP: 0/0
 10490 | D:9      | Learned a level 4 spell: Airstrike
 10499 | D:9      | Killed a death yak
 10500 | D:9      | Reached skill level 5 in Dodging
 10500 | D:9      | Noticed a death yak
 10503 | D:9      | Killed a death yak
 10510 | D:9      | Found a staircase to the Lair.
 10511 | D:9      | Killed a death yak
 10982 | D:9      | Found a staircase to the Orcish Mines.
 11140 | D:9      | Noticed a two-headed ogre
 11148 | D:9      | Killed a two-headed ogre
 11516 | D:9      | Identified the +0 ring mail "Eghien" {Rampage rPois rN+}
 11631 | D:10     | Entered Level 10 of the Dungeon
 11631 | D:10     | Found the +7 staff of the Meek {protect, meekguard}
 11667 | D:10     | Identified the +3 ring mail of the Vestibule of Hell
                  | {Stlth+}
 11909 | D:10     | Noticed Psyche
 11919 | D:10     | Killed Psyche
 11977 | D:10     | Noticed a centaur warrior
 11984 | D:10     | Killed a centaur warrior
 12726 | D:10     | Found a runed translucent gate.
 12726 | D:10     | Found a runed translucent gate.
 12726 | D:10     | Found a runed translucent gate.
 12726 | D:10     | Noticed SigmundSlayer's ghost (journeyman DsBe)
 12727 | D:10     | Found a basalt altar of Yredelemnul.
 12740 | D:10     | Reached XP level 12. HP: 73/88 MP: 0/0
 12973 | D:10     | Found a hazy altar of Hepliaklqana.
 13349 | D:11     | Noticed a skeletal warrior
 13359 | D:11     | Noticed a skeletal warrior
 13464 | Lair:1   | Entered Level 1 of the Lair of Beasts
 13471 | Lair:1   | Reached skill level 1 in Evocations
 13479 | Lair:1   | Noticed a boulder beetle
 13492 | Lair:1   | Killed a boulder beetle
 13717 | Lair:1   | Reached skill level 5 in Evocations
 13717 | Lair:1   | HP: 4/88 [elephant (10)]
 13799 | Lair:1   | Found a gate leading to a gauntlet.
 13808 | Gauntlet | Entered a Gauntlet
 13808 | Gauntlet | Found a transporter.
 13808 | Gauntlet | Found a runed translucent door.
 14049 | Gauntlet | Found a runed translucent door.
 14051 | Gauntlet | Found a transporter.
 14055 | Gauntlet | Found a transporter.
 14063 | Gauntlet | Found a transporter.
 14065 | Gauntlet | Noticed a soul eater
 14067 | Gauntlet | Found a transporter.
 14069 | Gauntlet | Noticed a glowing orange brain
 14072 | Gauntlet | Noticed a glowing orange brain
 14075 | Gauntlet | Found a transporter.
 14079 | Gauntlet | Found a transporter.
 14086 | Gauntlet | Noticed a reaper
 14088 | Gauntlet | Found a transporter.
 14092 | Gauntlet | Found a transporter.
 14097 | Gauntlet | Noticed a thrashing horror
 14103 | Gauntlet | Found a transporter.
 14131 | Gauntlet | Found a transporter.
 14143 | Gauntlet | Found a transporter.
 14156 | Gauntlet | Found a transporter.
 14169 | Gauntlet | Found a transporter.
 14273 | Gauntlet | Killed a soul eater
 14380 | Gauntlet | Killed a glowing orange brain
 14385 | Gauntlet | Killed a glowing orange brain
 14615 | Gauntlet | Killed a reaper
 14960 | Gauntlet | Found the +3 pair of mountain boots {steadfast, rC+}
 14960 | Gauntlet | Identified the +9 shortbow of Invincibility {freeze, rF+
                  | rN+ rCorr}
 14960 | Gauntlet | Identified the +5 war axe of the Everdark {vorpal, rN+
                  | Will+ Int+3 SInv}
 14960 | Gauntlet | Noticed a minotaur
 14966 | Gauntlet | Shot with an arrow by a minotaur

Illustrated notes

Levels and vault maps discovered:
D:1:      onia_arrival_mini_spirals, layout_basic,
          chequers_ecumenical_altar_simple_redux
D:2:      layout_loops_cross, serial_park_tiny_pond, minmay_increasing_density
D:3:      due_chaos_kobolds, layout_basic, serial_shops, shop,
          uniq_crazy_yiuf_cottage
D:4:      layout_layer_cave, slow_altar_2, dilly_guarded_unrand_throatcut,
          uniq_duvessa
D:5:      layout_loops_ring, uniq_eustachio
D:6:      layout_basic, minmay_temple_entry_glassed_door, skrybe_limestone_x,
          uniq_maggie, uniq_grinder, uniq_blork_the_orc, uniq_pikel
D:7:      layout_loops_ring, nicolae_ashenzari_panopticon, grunt_ministairs_10
D:8:      layout_loops_ring, general_overflow_altar, special_room
          [special_room_orc]
D:9:      layout_irregular_city, dpeg_lair_monsters, orc_0_dummy
D:10:     layout_cave_pods, worldfamousw_hep_ancestral_shrine,
          nicolae_yredelemnul_ghost_church, enter_bailey_2,
          onia_ninara_dug_in_and_dangerous, uniq_psyche
D:11:     layout_basic, ebering_ghost_rock_garden, serial_glass,
          glass_columns_c, glass_columns_a, uniq_harold
Temple:   sentei_temple_godly_chess
Lair:1:   layout_regular_city, basic_altar, gauntlet_entry_generic, uniq_erica
Gauntlet: gammafunk_gauntlet_77_escape_option [minmay_gauntlet_arena_77_cramped,
          minmay_gauntlet_arena_77_hold_the_fort, minmay_gauntlet_arena_77_mess,
          minmay_gauntlet_arena_77_two_lines,
          minmay_gauntlet_arena_77_chump_sandwich,
          nicolae_gauntlet_exit_dead_adventurers]

Skill      XL: |  1  2  3  4  5  6  7  8  9 10 11 12 |
---------------+-------------------------------------+-----
Spellcasting   | 3 4 6 9 |  9.0
Invocations    | 1 3 4 5 8 9 |  9.1
Fighting       | 2 4 5 8 |  8.5
Dodging        | 4 8 |  8.8
Evocations     | 8 |  8.5
Stealth        | |  1.5

Action                   |  1- 3 |  4- 6 |  7- 9 | 10-12 || total
-------------------------+-------+-------+-------+-------++-------
Melee: Mace              |       |       |    12 |       ||    12
       Unarmed           |       |       |     7 |       ||     7
       Long sword        |       |       |     3 |    89 ||    92
Throw: Dart              |       |       |     4 |       ||     4
 Cast: Foxfire           |    54 |     4 |       |       ||    58
       Scorch            |    15 |    52 |    60 |    74 ||   201
       Kindle Blastspark |     1 |     7 |     3 |    11 ||    22
       Blink             |       |     2 |     3 |    16 ||    21
       Flame Wave        |       |       |     7 |    21 ||    28
       Inner Flame       |       |       |     3 |     9 ||    12
       Airstrike         |       |       |       |     4 ||     4
Invok: Bend Time         |       |     1 |       |       ||     1
       Slouch            |       |     1 |     2 |    10 ||    13
       Temporal Distorti |       |       |       |     3 ||     3
Evoke: Wand              |       |       |       |    12 ||    12
  Use: Scroll            |       |     7 |     2 |    17 ||    26
       Potion            |       |       |       |     1 ||     1
 Stab: Sleeping          |       |       |     1 |     7 ||     8
Armor: Robe              |     2 |     6 |    13 |    72 ||    93
Dodge: Dodged            |     5 |    10 |    37 |   193 ||   245

Table legend: (Time is in decaauts)
 A = Elapsed time spent in this place.
 B = Non-inter-level travel time spent in this place.
 C = Inter-level travel time spent in this place.
 D = Time resting spent in this place.
 E = Time spent auto-exploring this place.
 F = Levels seen in this place.
 G = Mean time per level.
                   A        B        C        D        E       F      G
               +--------+--------+--------+--------+--------+-----+--------+
         Total |  20366 |  19559 |    807 |   3105 |  13959 |  14 | 1454.7 |
       Dungeon |  18423 |  17616 |    807 |   2059 |  13482 |  11 | 1674.8 |
        Temple |    192 |    192 |      0 |    180 |      3 |   1 |  192.0 |
          Lair |    417 |    417 |      0 |    224 |      0 |   1 |  417.0 |
      Gauntlet |   1333 |   1333 |      0 |    641 |    473 |   1 | 1333.0 |
               +--------+--------+--------+--------+--------+-----+--------+

Top non-repeatable levels by time:
     D:4: 2456 daAuts
     D:3: 2189 daAuts
     D:8: 2180 daAuts
    D:10: 2159 daAuts
     D:7: 1848 daAuts
     D:9: 1695 daAuts
     D:5: 1667 daAuts
     D:2: 1555 daAuts
     D:1: 1345 daAuts
Gauntlet: 1333 daAuts
     D:6: 1106 daAuts
  Lair:1: 417 daAuts
    D:11: 219 daAuts
  Temple: 192 daAuts
